[Event "Team 45 45 League T27"]
[Site "Internet Chess Club"]
[Date "2005.07.19"]
[Round "5"]
[White "rpgrossman"]
[Black "Tom45"]
[Result "1-0"]
[WhiteElo "1001"]
[BlackElo "1033"]
[TimeControl "2700+45"]

1. e4 e5 2. Nf3 Nc6 3. Bc4 Bc5 4. O-O Nf6 5. Ng5 d5 6. Bb3 h6 7. exd5 Na5 8.
Ba4+ Bd7 9. Ne6 fxe6 10. Bxd7+ Qxd7 11. dxe6 Qxe6 12. Qe2 O-O-O 13. Nc3 c6 14.
Ne4 Nxe4 15. Qxe4 Rhf8 16. b4 Rd4 17. Qh7 Bxb4 18. Qxg7 Rd7 19. Qg3 Nc4 20. Qb3
Bc5 21. d3 Rg8 22. Qxc4 Qxc4 23. dxc4 h5 24. Re1 Rdg7 25. g3 Bd4 26. Bh6 Bxa1
27. Bxg7 Bc3 28. Re3 Rxg7 29. Rxc3 h4 30. Re3 hxg3 31. hxg3 Rg5 32. Kg2 Kc7 33.
Kh3 Rh5+ 34. Kg4 Rh2 35. Kf3 Rh5 36. g4 Rh3+ 37. Ke2 Rxe3+ 38. Kxe3 Kd7 39. Ke4
Ke6 40. f4 exf4 41. Kxf4 Kf6 42. c5 Kg6 43. a4 a5 44. c3 Kg7 45. Kg5 Kf7 46. Kh6
Kg8 47. g5 {Black resigns} 1-0

[Event "Team 45 45 League T27"]
[Site "Internet Chess Club"]
[Date "2005.07.17"]
[Round "5"]
[White "Joyoyo"]
[Black "nursey"]
[Result "1-0"]
[WhiteElo "1685"]
[BlackElo "1623"]
[TimeControl "2700+45"]

1. e4 e6 2. d4 d5 3. exd5 exd5 4. Nf3 Bd6 5. c4 dxc4 6. Bxc4 Qe7+ 7. Be3 Be6 8.
Qa4+ Bd7 9. Qb3 Bb4+ 10. Nc3 Bg4 11. Ne5 Be6 12. Bxe6 fxe6 13. Qa4+ c6 14. O-O
Nf6 15. Bg5 O-O 16. a3 Bd6 17. Rfe1 Nbd7 18. Qb3 Nb6 19. Rac1 Rad8 20. a4 Nbd5
21. Nxd5 cxd5 22. a5 Rc8 23. Qb5 Rxc1 24. Rxc1 a6 25. Qb6 Kh8 26. b4 Kg8 27. b5
axb5 28. Qxb5 Ra8 29. Qb6 Rf8 30. f3 Ra8 31. Kf2 Kf8 32. Ke2 Kg8 33. Rb1 Bc7 34.
Qxb7 Rxa5 35. Qc8+ Bd8 36. Rb8 Ra2+ 37. Bd2 Kf8 38. Qxd8+ Qxd8 39. Rxd8+ Ke7 40.
Rb8 g6 41. Rb7+ Kd6 42. Rf7 {Black resigns} 1-0

[Event "Team 45 45 League T27"]
[Site "Internet Chess Club"]
[Date "2005.07.18"]
[Round "5"]
[White "mickeys"]
[Black "JesterFox"]
[Result "1-0"]
[WhiteElo "1650"]
[BlackElo "1555"]
[TimeControl "2700+45"]

1. d4 Nf6 2. c4 e6 3. Nf3 b6 4. g3 Bb7 5. Bg2 c5 6. O-O Be7 7. Nc3 cxd4 8. Nxd4
Bxg2 9. Kxg2 O-O 10. Ndb5 Qc8 11. Bf4 Qxc4 12. Nc7 Qc6+ 13. Kg1 d5 14. Rc1 Qb7
15. N3b5 a6 16. Nxa8 axb5 17. Nc7 b4 18. Qa4 Bc5 19. Qb5 Nbd7 20. Qa6 Qxa6 21.
Nxa6 Ra8 22. Nxc5 bxc5 23. Ra1 Kf8 24. a4 b3 25. Rfc1 c4 26. a5 Ra6 27. h4 Nc5
28. f3 Ne8 29. Rd1 Nb7 30. e4 dxe4 31. fxe4 Rxa5 32. Rxa5 Nxa5 33. Rd4 f6 34. e5
Ke7 35. exf6+ gxf6 36. Bd2 e5 37. Re4 Nd6 38. Rg4 Nc6 39. Rg7+ Ke6 40. Rxh7 Ne4
41. Be1 Nd4 42. Rc7 Kd5 43. Kg2 Nc5 44. h5 Nf5 45. g4 Nh6 46. Kh3 Na4 47. Bd2 c3
48. Bxc3 Nxc3 49. Rxc3 e4 50. Rxb3 Kd4 51. Kg3 e3 52. Kf3 Nxg4 53. Rb4+ Kd3 54.
Rxg4 e2 55. Re4 {Black resigns} 1-0

[Event "Team 45 45 League T27"]
[Site "Internet Chess Club"]
[Date "2005.07.17"]
[Round "5"]
[White "reijo"]
[Black "mal57"]
[Result "0-1"]
[WhiteElo "1505"]
[BlackElo "1479"]
[TimeControl "2700+45"]

1. d4 c6 2. c4 Nf6 3. Nc3 d6 4. Nf3 e6 5. e3 Be7 6. Bd3 Na6 7. O-O Nb4 8. Bb1 d5
9. a3 Na6 10. cxd5 cxd5 11. Bd3 Bd7 12. Qe2 Nc7 13. e4 dxe4 14. Nxe4 Ncd5 15.
Ne5 O-O 16. Bd2 a6 17. Rac1 b5 18. Nc3 b4 19. Nxd5 Nxd5 20. a4 Bxa4 21. Bxa6 Qb6
22. Bc4 Qxd4 23. b3 Be8 24. Rfd1 Nf4 25. Bxf4 Qxf4 26. Nd7 Bxd7 27. g3 Qc7 28.
Bxe6 Qxc1 29. Rxc1 Bxe6 30. Rc7 Bf6 31. Qb5 Bh3 32. Qh5 Ra1+ {White resigns} 0-1

[Event "Team 45 45 League T27"]
[Site "Internet Chess Club"]
[Date "2005.07.16"]
[Round "5"]
[White "BosqueVerde"]
[Black "kevinfons"]
[Result "0-1"]
[WhiteElo "1180"]
[BlackElo "1447"]
[TimeControl "2700+45"]

1. d4 d5 2. c4 e6 3. Nc3 c5 4. Nf3 Nc6 5. e3 Nf6 6. Bd3 g6 7. O-O cxd4 8. exd4
Bg7 9. cxd5 Nxd5 10. Bg5 Nf6 11. Bb5 O-O 12. Rc1 Qb6 13. b3 Nd5 14. Bxc6 bxc6
15. Ne4 Ba6 16. Re1 Nb4 17. Qd2 Nd3 18. Nf6+ Kh8 19. Nd7 Qb7 20. Nxf8 Rxf8 21.
Bh6 Nxc1 22. Rxc1 Rc8 23. h4 Qb5 24. Ne5 Bxe5 25. dxe5 Qxe5 26. Rxc6 Qa1+ 27.
Kh2 Qe5+ 28. g3 Qb8 29. Rd6 f6 30. Rd8+ Rxd8 31. Qc3 e5 32. Qc6 Qd6 33. Qa4 Bc8
34. Qxa7 Qd7 35. Qe3 Qh3+ 36. Kg1 Rd1+ {White resigns} 0-1

[Event "Team 45 45 League T27"]
[Site "Internet Chess Club"]
[Date "2005.07.15"]
[Round "5"]
[White "ATLfalcons"]
[Black "allanchs"]
[Result "1-0"]
[WhiteElo "1794"]
[BlackElo "1575"]
[TimeControl "2700+45"]

1. e4 e5 2. Nf3 Nc6 3. Bb5 a6 4. Ba4 Nf6 5. O-O Be7 6. Bxc6 dxc6 7. Nxe5 Nxe4 8.
d3 Nd6 9. Qh5 Be6 10. Re1 g6 11. Nxg6 fxg6 12. Qe5 Nf7 13. Qxe6 Qd7 14. Qxd7+
Kxd7 15. Nd2 Rae8 16. Ne4 Bd6 17. Nf6+ {Black resigns} 1-0

[Event "Team 45 45 League T27"]
[Site "Internet Chess Club"]
[Date "2005.07.18"]
[Round "5"]
[White "Pawndemonium"]
[Black "claymil"]
[Result "0-1"]
[WhiteElo "1530"]
[BlackElo "1683"]
[TimeControl "2700+45"]

1. e4 c5 2. Nf3 Nc6 3. Bc4 e6 4. a3 d6 5. Nc3 Nf6 6. O-O Be7 7. d4 cxd4 8. Nxd4
a6 9. Be3 O-O 10. Kh1 Qc7 11. Bd3 Ne5 12. h3 b5 13. f4 Nc4 14. Bxc4 Qxc4 15. Qf3
Bb7 16. Qg3 Nxe4 17. Nxe4 Bxe4 18. f5 Bf6 19. Qxd6 Rfd8 {White resigns} 0-1

[Event "Team 45 45 League T27"]
[Site "Internet Chess Club"]
[Date "2005.07.16"]
[Round "5"]
[White "alaskauk"]
[Black "RingLord"]
[Result "0-1"]
[WhiteElo "1462"]
[BlackElo "1630"]
[TimeControl "2700+45"]

1. e4 c5 2. Nf3 e6 3. d4 cxd4 4. Nxd4 Nf6 5. Nc3 d6 6. Bd3 Nc6 7. Nf3 Nb4 8. a3
Nxd3+ 9. Qxd3 Be7 10. O-O O-O 11. Rd1 Qa5 12. h3 Rd8 13. Be3 d5 14. exd5 Nxd5
15. Nxd5 Rxd5 16. Qb3 Rb5 17. Bd2 Qa6 18. Qc3 b6 19. Qc6 Bb7 20. Qc7 Bxf3 21.
gxf3 Bf8 22. Kh1 Rc8 23. Qg3 Rxb2 24. Rg1 Qe2 25. Bb4 g6 26. Bxf8 Rxf8 27. Rg2
Qxc2 28. f4 Rb1+ 29. Rxb1 Qxb1+ 30. Kh2 Rc8 31. Qf3 Qf5 32. Rg5 Qf6 33. h4 h6
34. Rg3 Kg7 35. Kh3 Rc5 36. Qe2 Rc3 37. Rxc3 Qxc3+ 38. f3 Qxa3 39. Qe5+ Kg8 40.
Qb8+ Kh7 41. Kg3 Qa1 42. Qc7 Kg7 43. Qd7 Qg1+ 44. Kh3 Qf1+ 45. Kg3 Qe1+ 46. Kh3
Qa1 47. Qc7 b5 48. Qc5 a6 49. Qb4 Qh1+ 50. Kg3 Qg1+ 51. Kh3 Qa1 52. Kg3 a5 53.
Qxb5 a4 54. Qb4 a3 55. Qb3 a2 56. Kg2 Qb1 57. Qc3+ Kh7 58. Qf6 a1=Q 59. Qxf7+
Qg7 60. Qxe6 Qf5 61. Qe3 Qgf7 62. h5 Qxh5 63. Kg3 Qh1 64. Qd4 Qe1+ 65. Kh3 Qf5+
66. Kg2 Qe2+ 67. Kg1 Qb1+ 68. Qd1 Qbxd1# {White checkmated} 0-1

[Event "Team 45 45 League T27"]
[Site "Internet Chess Club"]
[Date "2005.07.16"]
[Round "5"]
[White "fgameiro"]
[Black "mogwop"]
[Result "1-0"]
[WhiteElo "1521"]
[BlackElo "1436"]
[TimeControl "2700+45"]

1. e4 c5 2. Nf3 d6 3. d4 cxd4 4. Nxd4 Nf6 5. Nc3 a6 6. Be3 e6 7. f3 Be7 8. g4
Nfd7 9. Qd2 Bh4+ 10. Bf2 Bxf2+ 11. Qxf2 Ne5 12. O-O-O Nbc6 13. h3 Qc7 14. f4 Nd7
15. Nxc6 Qxc6 16. Qd4 O-O 17. Qxd6 Qxd6 18. Rxd6 b5 {Black resigns} 1-0

[Event "Team 45 45 League T27"]
[Site "Internet Chess Club"]
[Date "2005.07.18"]
[Round "5"]
[White "martineden"]
[Black "MiroslavR"]
[Result "0-1"]
[WhiteElo "1817"]
[BlackElo "1945"]
[TimeControl "2700+45"]

1. d4 Nf6 2. c4 g6 3. Nf3 Bg7 4. g3 O-O 5. Bg2 d6 6. O-O Nbd7 7. Nc3 e5 8. Qc2
exd4 9. Nxd4 Re8 10. Rd1 a6 11. b3 Rb8 12. e3 Qe7 13. Ba3 c5 14. Nde2 b5 15. Bb2
bxc4 16. bxc4 Nb6 17. Nb1 Nxc4 18. Bc3 Nxe3 19. fxe3 Qxe3+ 20. Kf1 Ng4 {White
resigns} 0-1

[Event "Team 45 45 League T27"]
[Site "Internet Chess Club"]
[Date "2005.07.19"]
[Round "5"]
[White "Gandalf"]
[Black "Egmont"]
[Result "0-1"]
[WhiteElo "1856"]
[BlackElo "1834"]
[TimeControl "2700+45"]

1. d4 d5 2. Nf3 Nf6 3. Bg5 Bf5 4. e3 Nbd7 5. Nbd2 e6 6. c4 c6 7. Qb3 Qb6 8. Qxb6
Nxb6 9. Rc1 Be7 10. Be2 O-O 11. Ne5 Bb4 12. Bxf6 gxf6 13. Nf3 Nd7 14. a3 Bxd2+
15. Nxd2 Rac8 16. O-O e5 17. cxd5 cxd5 18. Nb3 Rc2 19. Rxc2 Bxc2 20. Nc5 Nxc5
21. dxc5 Bb3 22. Rc1 Rc8 23. Rc3 Ba4 24. b4 Bd7 25. Bf3 e4 26. Be2 Kf8 27. b5
Ke7 28. a4 Ke6 29. Bg4+ f5 30. Bd1 Ke5 31. Rc2 a6 32. Be2 axb5 33. axb5 Be8 34.
f4+ exf3 35. Bxf3 Bxb5 36. h3 Bc4 37. g4 fxg4 38. Bxg4 Rxc5 39. Rf2 Rc7 40. Bh5
f6 41. Bg4 b5 42. Rf5+ Ke4 43. Rxf6 Kxe3 44. Re6+ Kd2 45. Rd6 b4 46. Be6 Rc5 47.
h4 b3 48. Bf5 Bd3 49. Be6 b2 {White resigns} 0-1

[Event "Team 45 45 League T27"]
[Site "Internet Chess Club"]
[Date "2005.07.16"]
[Round "5"]
[White "NFK"]
[Black "ChessJunior"]
[Result "1/2-1/2"]
[WhiteElo "1718"]
[BlackElo "1759"]
[TimeControl "2700+45"]

1. e4 c5 2. Nc3 d6 3. f4 g6 4. Nf3 Bg7 5. Bc4 e6 6. O-O Ne7 7. Qe1 O-O 8. g4 a6
9. f5 b5 10. Be2 Bb7 11. d3 b4 12. Nd1 exf5 13. gxf5 Nd7 14. Qh4 f6 15. Bh6 Bxh6
16. Qxh6 Qe8 17. Nh4 Qf7 18. fxg6 Nxg6 19. Nf5 d5 20. Nd6 Qe7 21. Nf5 Qf7 22.
exd5 Bxd5 23. Nde3 Be6 24. Rae1 Kh8 25. Bf3 Rad8 26. Nd6 Qg7 27. Qxg7+ Kxg7 28.
Nef5+ Bxf5 29. Nxf5+ Kh8 30. Bc6 Nde5 31. Be4 c4 32. d4 Nf7 33. c3 a5 34. cxb4
axb4 35. Rc1 Rg8 36. Kh1 Rge8 37. Bc6 Re2 38. Rxc4 Rxb2 39. Re1 Nd6 40. Nxd6
Rxd6 41. d5 Ne5 42. Rce4 Rxa2 43. Rxb4 Rxh2+ 44. Kxh2 Nf3+ 45. Kg3 Nxe1 46. Rb8+
Kg7 47. Rb7+ Kg6 48. Rd7 Rxd7 49. Bxd7 Kf7 50. d6 Nd3 51. Bf5 Ne5 52. d7 Ke7 53.
d8=Q+ Kxd8 54. Bxh7 Ke7 55. Bb1 Kd6 56. Kf4 {Game drawn by mutual agreement}
1/2-1/2

[Event "Team 45 45 League T27"]
[Site "Internet Chess Club"]
[Date "2005.07.18"]
[Round "5"]
[White "rayonline53"]
[Black "chinta"]
[Result "1-0"]
[WhiteElo "1641"]
[BlackElo "1623"]
[TimeControl "2700+45"]

1. e4 e6 2. d4 d5 3. e5 Bd7 4. c3 c5 5. Nf3 Nc6 6. Be3 Qb6 7. Qd2 h6 8. Be2 c4
9. O-O Nge7 10. Na3 Nf5 11. Nc2 g5 12. h3 Qd8 13. Nh2 Be7 14. Bh5 Ng7 15. Qe2
Qb6 16. Rfb1 Qc7 17. Qf3 Nxh5 18. Qxh5 O-O-O 19. b4 f5 20. Qd1 Rdg8 21. a4 h5
22. a5 g4 23. hxg4 hxg4 24. b5 Nxe5 25. dxe5 Qxe5 26. g3 Rxh2 27. Kxh2 Rh8+ 28.
Kg2 Qe4+ 29. f3 gxf3+ 30. Kf1 Rh1+ 31. Bg1 Bc5 32. Nd4 Qe5 33. Qxf3 Bxd4 34.
cxd4 Qh8 35. Ke2 Be8 36. Kd2 Qh6+ 37. Qe3 Qg6 38. Bf2 f4 39. gxf4 Rxb1 40. Rxb1
Qxb1 41. Qxe6+ Bd7 42. Qxd5 Qd3+ 43. Ke1 Qc3+ 44. Kf1 Bh3+ 45. Kg1 Qc1+ 46. Kh2
Bd7 47. Qc5+ Kb8 48. Qd6+ Kc8 49. b6 axb6 50. axb6 Kd8 51. Bh4+ {Black resigns}
1-0

[Event "Team 45 45 League T27"]
[Site "Internet Chess Club"]
[Date "2005.07.16"]
[Round "5"]
[White "MikkoN"]
[Black "camembert"]
[Result "1/2-1/2"]
[WhiteElo "1894"]
[BlackElo "1844"]
[TimeControl "2700+45"]

1. c4 e5 2. g3 Nf6 3. Bg2 c6 4. d4 e4 5. Nc3 Bb4 6. Bg5 d5 7. cxd5 cxd5 8. e3
O-O 9. Ne2 h6 10. Bxf6 Qxf6 11. O-O Bxc3 12. bxc3 Bg4 13. c4 Bxe2 14. Qxe2 Qc6
15. Rfc1 Na6 16. Rab1 Rac8 17. Qb2 Rb8 18. Qb5 dxc4 19. Qxc6 {Game drawn by
mutual agreement} 1/2-1/2

[Event "Team 45 45 League T27"]
[Site "Internet Chess Club"]
[Date "2005.07.21"]
[Round "5"]
[White "Catalog"]
[Black "BaroneRosso"]
[Result "0-1"]
[WhiteElo "2093"]
[BlackElo "2031"]
[TimeControl "2700+45"]

1. d4 Nf6 2. c4 g6 3. Nc3 Bg7 4. e4 d6 5. Be2 O-O 6. Nf3 e5 7. O-O Na6 8. d5 Nc5
9. Nd2 a5 10. Rb1 Ne8 11. Nb3 b6 12. Bd2 f5 13. Nxc5 bxc5 14. f4 exf4 15. Bxf4
g5 16. Bd2 f4 17. Bd3 Bd4+ 18. Kh1 Nf6 19. Nb5 Be5 20. Bc3 Ng4 21. Qe2 Ne3 22.
Rfc1 g4 23. Bxe5 dxe5 24. g3 Qg5 25. Re1 Qh6 26. Rg1 Rf6 27. Nxc7 Ra7 28. Nb5
Rg7 29. Rbe1 Qh3 30. gxf4 g3 31. f5 g2+ 32. Rxg2 Rxg2 {White resigns} 0-1

[Event "Team 45 45 League T27"]
[Site "Internet Chess Club"]
[Date "2005.07.17"]
[Round "5"]
[White "Beetlejuice"]
[Black "EdBorowski"]
[Result "1/2-1/2"]
[WhiteElo "1914"]
[BlackElo "2014"]
[TimeControl "2700+45"]

1. d4 d5 2. Nf3 Nf6 3. e3 c6 4. c4 e6 5. Nbd2 Bb4 6. Bd3 O-O 7. O-O Nbd7 8. Qc2
h6 9. b3 Re8 10. Bb2 Bd6 11. Rfd1 e5 12. dxe5 Nxe5 13. Nxe5 Bxe5 14. Bxe5 Rxe5
15. Nf3 Re8 16. h3 Qa5 17. cxd5 Nxd5 18. Bc4 Be6 19. a3 Nf6 20. Bxe6 Rxe6 21.
Rd4 Rd8 22. b4 Qc7 23. Rad1 Red6 24. Qc5 Rxd4 25. Rxd4 a6 26. Qf5 Rxd4 27. Nxd4
b6 28. Qf3 c5 29. bxc5 bxc5 30. Qc6 Qxc6 31. Nxc6 Kf8 32. Kf1 Ke8 33. Ke2 Kd7
34. Ne5+ Ke6 35. Nc4 Kd5 36. Kd3 Ne4 37. f3 Nf2+ 38. Kc3 Nd1+ 39. Kd3 Nf2+ 40.
Kc3 {Game drawn by mutual agreement} 1/2-1/2

[Event "Team 45 45 League T27"]
[Site "Internet Chess Club"]
[Date "2005.07.18"]
[Round "5"]
[White "Aldos"]
[Black "Lug"]
[Result "0-1"]
[WhiteElo "1971"]
[BlackElo "1981"]
[TimeControl "2700+45"]

1. e4 d5 2. exd5 Qxd5 3. Nc3 Qa5 4. Nf3 Nf6 5. Bc4 c6 6. O-O Bf5 7. d4 e6 8. Ne5
Nbd7 9. Re1 Nxe5 10. Rxe5 Qc7 11. Qe2 Ng4 12. Bf4 Nxe5 13. Bxe5 Bd6 14. Bxg7
Bxh2+ 15. Kh1 Rg8 16. Bf6 Rg6 17. Bh4 Rh6 {White resigns} 0-1

[Event "Team 45 45 League T27"]
[Site "Internet Chess Club"]
[Date "2005.07.18"]
[Round "5"]
[White "camembert"]
[Black "tarheels"]
[Result "1-0"]
[WhiteElo "1870"]
[BlackElo "1757"]
[TimeControl "2700+45"]

1. e4 c5 2. Nf3 Nc6 3. Bb5 Nf6 4. e5 Nd5 5. Nc3 Nc7 6. O-O g6 7. Re1 Bg7 8. Bxc6
dxc6 9. h3 O-O 10. d3 Ne6 11. Ne4 Qd5 12. Neg5 Nxg5 13. Bxg5 Re8 14. a4 Be6 15.
Qe2 c4 16. Rad1 h6 17. Be3 cxd3 18. Rxd3 Qa2 19. b3 Bf5 20. Rd2 Red8 21. Bd4 Qa3
22. Qc4 Be6 23. Qc3 a5 24. Bc5 Qa2 25. Rxd8+ Rxd8 26. Ra1 {Black resigns} 1-0

[Event "Team 45 45 League T27"]
[Site "Internet Chess Club"]
[Date "2005.07.16"]
[Round "5"]
[White "kostasgr"]
[Black "StrayLite"]
[Result "1-0"]
[WhiteElo "2099"]
[BlackElo "1972"]
[TimeControl "2700+45"]

1. f4 c5 2. b3 Nc6 3. Nf3 Nf6 4. Bb2 d6 5. e3 e6 6. g3 Be7 7. Bg2 O-O 8. O-O Bd7
9. Qe2 Qc7 10. c4 e5 11. Nc3 Rfe8 12. Nd5 Qb8 13. fxe5 dxe5 14. Ng5 h6 15. Nxf6+
Bxf6 16. Rxf6 hxg5 17. Rf2 e4 18. Qh5 f5 19. Qxg5 Ne5 20. Bh3 Qd8 21. Qxd8 Raxd8
22. Bxe5 Rxe5 23. Kf1 g5 24. Ke2 g4 25. Bg2 Bc8 26. h3 gxh3 27. Bxh3 Kg7 28.
Raf1 Kg6 29. Rf4 Kg5 30. Rh4 b6 31. Rh1 Re6 32. Kd1 Red6 33. Rh2 Rg6 34. Bf1 Kf6
35. Rh6 Rg8 36. Ke1 Rxh6 37. Rxh6+ Rg6 38. Rxg6+ Kxg6 39. d4 exd3 40. Bxd3 Kg5
41. Kf2 Bb7 42. Bc2 Bc6 43. Bb1 Bb7 44. Bd3 Ba8 45. a3 Bc6 46. Be2 Be4 47. Bf3
a5 48. Bxe4 fxe4 49. Kg1 Kf5 50. Kh2 Kg4 51. Kg2 {Black resigns} 1-0

[Event "Team 45 45 League T27"]
[Site "Internet Chess Club"]
[Date "2005.07.17"]
[Round "5"]
[White "rss"]
[Black "PaulKaspar"]
[Result "0-1"]
[WhiteElo "1803"]
[BlackElo "1857"]
[TimeControl "2700+45"]

1. e4 c6 2. d4 d5 3. Nc3 dxe4 4. Nxe4 Bf5 5. Ng3 Bg6 6. Nf3 e6 7. Bd3 Bd6 8. O-O
Nd7 9. Re1 Ngf6 10. Bg5 Bxd3 11. Qxd3 h6 12. Bxf6 Nxf6 13. Ne4 Nxe4 14. Rxe4 O-O
15. Ne5 Bxe5 16. Rxe5 Rc8 17. Rd1 Qb6 18. Qb3 Qxb3 19. axb3 Rfd8 20. c4 Kf8 21.
Kf1 Ke7 22. Ke2 Rc7 23. Re3 Rcd7 24. Red3 f6 25. f4 g5 26. fxg5 hxg5 27. Rh3 e5
28. Rh7+ Ke6 29. Rxd7 Rxd7 30. dxe5 Rxd1 31. Kxd1 Kxe5 32. Ke2 Kd4 33. h3 Ke4
34. g3 c5 35. h4 gxh4 36. gxh4 Kf4 37. Kd3 Kg4 38. Ke3 f5 {White resigns} 0-1

[Event "Team 45 45 League T27"]
[Site "Internet Chess Club"]
[Date "2005.07.17"]
[Round "5"]
[White "kabindra"]
[Black "ARONOVICH"]
[Result "0-1"]
[WhiteElo "1758"]
[BlackElo "1751"]
[TimeControl "2700+45"]

1. e4 c5 2. Nf3 d6 3. d4 cxd4 4. Nxd4 Nf6 5. Nc3 g6 6. Be3 Bg7 7. f3 O-O 8. Bc4
Nc6 9. Qd2 Bd7 10. O-O-O Rc8 11. Bb3 Ne5 12. Bh6 Bxh6 13. Qxh6 Rxc3 14. bxc3 Qa5
15. Qe3 Rc8 16. Kd2 Neg4 17. fxg4 Rxc3 18. Qxc3 Nxe4+ 19. Ke3 Nxc3 20. Rd3 Bxg4
21. Re1 e5 22. Ne2 Nxa2 23. Rf1 Bf5 24. Rd5 Qb6+ 25. Kf3 Nb4 26. Rd2 e4+ 27. Kf4
Qc5 28. Nd4 Nd5+ 29. Bxd5 Qxd5 30. Ke3 Qc5 31. h3 Kg7 32. Ke2 Qc4+ 33. Kf2 Qc5
34. Ke3 Be6 35. Rfd1 Qc3+ 36. Kf4 Bd5 37. Nf5+ gxf5 38. Rxd5 Qxc2 39. R5d2 Qc5
40. Kg3 Qe5+ 41. Kh4 Qf4+ 42. g4 fxg4 43. hxg4 f5 44. Rg2 Qh6+ 45. Kg3 f4+ 46.
Kf2 e3+ 47. Ke2 Qh3 48. Rgg1 Qh2+ 49. Kf3 d5 50. Rg2 Qh6 51. Rdg1 d4 52. g5 Qe6
53. Rg4 d3 54. Rxf4 e2 55. Re4 Qd5 56. Ke3 d2 57. Re7+ Kf8 {White resigns} 0-1

[Event "Team 45 45 League T27"]
[Site "Internet Chess Club"]
[Date "2005.07.18"]
[Round "5"]
[White "SonnyBlack"]
[Black "Squaredance"]
[Result "1-0"]
[WhiteElo "2031"]
[BlackElo "1956"]
[TimeControl "2700+45"]

1. e4 d5 2. exd5 Qxd5 3. Nc3 Qa5 4. d4 c6 5. Nf3 Nf6 6. Bc4 Bf5 7. O-O e6 8. Re1
Nbd7 9. Ne5 Nxe5 10. Rxe5 Qc7 11. Qe2 Ng4 12. f4 Nxe5 13. fxe5 O-O-O 14. Be3 Bb4
15. Nd1 h6 16. c3 Be7 17. a4 Bg5 18. Bf2 h5 19. b4 Bg4 20. Qb2 Bf4 21. b5 Bxe5
22. bxc6 Qxc6 23. Bb5 Qc7 24. dxe5 Rxd1+ 25. Rxd1 Bxd1 26. Bxa7 Rd8 27. Bd4 Bc2
28. Qb4 Be4 29. a5 Kb8 30. Bb6 Rd1+ 31. Kf2 Qc8 32. Qxe4 Qxc3 33. Be2 Qe1+ 34.
Kf3 Qc3+ 35. Kf4 Qd2+ 36. Be3 g5+ 37. Kg3 Qd5 38. Qxd5 Rxd5 39. a6 bxa6 40. Bxa6
Rxe5 41. Bd4 Re4 42. Bc5 f5 43. Bb5 Kc7 44. Be7 f4+ 45. Kf3 Re3+ 46. Kf2 g4 47.
Bg5 g3+ 48. hxg3 Rb3 49. Bxf4+ Kb6 50. Bd7 Rb2+ 51. Kf3 Rb3+ 52. Be3+ Kc7 53.
Bxe6 Kd6 54. Bxb3 {Black resigns} 1-0

[Event "Team 45 45 League T27"]
[Site "Internet Chess Club"]
[Date "2005.07.17"]
[Round "5"]
[White "tourettes"]
[Black "LeifEricson"]
[Result "0-1"]
[WhiteElo "1816"]
[BlackElo "1892"]
[TimeControl "2700+45"]

1. e4 c5 2. Nc3 e6 3. g3 b6 4. Bg2 Bb7 5. Nge2 Nc6 6. d3 a6 7. O-O Qc7 8. f4 g6
9. Be3 Nge7 10. Qd2 f5 11. d4 cxd4 12. Nxd4 Bg7 13. Na4 Na5 14. e5 Nc4 15. Qc1
Bxg2 16. Kxg2 Nxe3+ 17. Qxe3 Nd5 18. Qf3 Qc4 19. Nxf5 Qxc2+ 20. Rf2 Qxf5 21. Nc3
Rc8 22. Ne4 Bf8 23. g4 Qf7 24. Re1 Bc5 25. Nd6+ Bxd6 26. exd6 O-O 27. Re4 Rc6
28. f5 exf5 29. gxf5 Qxf5 30. Qxf5 Rxf5 31. Rd2 Rxd6 {White resigns} 0-1